 Dungeon Crawl Stone Soup version 0.22-a0-587-g7d32d7c (webtiles) character file.

50612 sking99 the Martial Artist (level 14, -10/92 HPs)
             Began as a Vine Stalker Transmuter on July 4, 2018.
             Was the Champion of Ru.
             Mangled by an eight-headed hydra (11 damage)
             ... on level 5 of the Lair of Beasts.
             The game lasted 01:04:16 (16791 turns).

sking99 the Martial Artist (VSTm)                  Turns: 16791, Time: 01:04:17

Health: -10/92     AC: 10    Str: 14    XL:     14   Next: 56%
Magic:  0/22       EV: 17    Int: 17    God:    Ru [******]
Gold:   1492       SH:  0    Dex: 15    Spells: 8/23 levels left

rFire    x . .     SeeInvis .     - Unarmed
rCold    + + +     Gourm    .   (shield unavailable)
rNeg     . . .     Faith    .   (armour currently unavailable)
rPois    +         Spirit   +   (helmet currently unavailable)
rElec    .         Reflect  .   (cloak currently unavailable)
rCorr    .         Harm     .   (gloves currently unavailable)
MR       +....                  (boots currently unavailable)
Stlth    +.........             (no amulet)
HPRegen  1.05/turn              (ring unavailable)
MPRegen  0.18/turn              q - +3 ring of protection

@: ice-form, drained
A: large, regeneration 2, magic shield, no potion heal 3, rot immunity, missing
a hand, inability to use devices, inability to train armour
a: End Transformation, Draw Out Power, Power Leap, Apocalypse, Renounce Religion


You were on level 5 of the Lair of Beasts.
You worshipped Ru.
Ru was exalted by your worship.
You were hungry.
You were a creature of crystalline ice.
You visited 2 branches of the dungeon, and saw 16 of its levels.
You also visited: Labyrinth, Sewer, Bailey and Ice Cave.

You collected 1492 gold pieces.

Inventory:

Missiles
 F - 44 arrows (quivered)
Armour
 b - a +0 robe
 c - a +0 cloak (melded)
 k - a +0 pair of gloves (melded)
 o - a +0 leather armour
 G - a +2 animal skin of cold resistance (melded)
Jewellery
 f - a +2 amulet of reflection
 l - an uncursed ring of fire
 q - a +3 ring of protection (right front paw)
 r - an uncursed ring of protection from cold
 y - an uncursed amulet of faith
 B - an uncursed ring of loudness
 C - a +1 ring of slaying
 E - a +3 ring of strength
 J - an uncursed amulet of harm
Scrolls
 a - 10 scrolls of identify
 e - 14 scrolls of teleportation
 g - 6 scrolls of blinking
 h - 5 scrolls of enchant armour
 n - 5 scrolls of amnesia
 p - 14 scrolls of remove curse
 w - 4 scrolls of fear
 D - 2 scrolls of enchant weapon
 M - a scroll of fog {unknown}
Potions
 i - 2 potions of heal wounds
 j - 3 potions of brilliance
 m - 7 potions of curing
 s - 5 potions of lignification {unknown}
 t - 3 potions of flight
 u - 3 potions of invisibility {unknown}
 v - 2 potions of might
 x - 3 potions of haste {unknown}
 A - 2 potions of mutation {unknown}
 H - 4 potions of cancellation {unknown}
 I - 2 potions of resistance
 K - 2 potions of agility {unknown}
 L - a potion of degeneration {unknown}
Comestibles
 d - 29 rations
 z - 3 chunks of flesh


   Skills:
 + Level 10.6(10.2) Fighting
 + Level 11.4(11.0) Dodging
 * Level 12.0(11.6) Unarmed Combat
 - Level 5.2(4.9) Spellcasting
 - Level 11.7(11.3) Transmutations
 - Level 4.0(3.7) Ice Magic


You had 8 spell levels left.
You knew the following spells:

 Your Spells              Type           Power        Failure   Level  Hunger
a - Beastly Appendage     Tmut           #####.       1%          1    None
b - Sticks to Snakes      Tmut           #####...     1%          2    #......
c - Spider Form           Tmut/Pois      ###.......   4%          3    ###....
d - Ice Form              Ice/Tmut       ####....     6%          4    ####...
e - Blade Hands           Tmut           #####.....   3%          5    ######.

Your spell library contained the following spells:

 Spells                   Type           Power        Failure   Level  Hunger
 Magic Dart               Conj           #...         14%         1    None
 Conjure Flame            Conj/Fire      #.......     41%         3    ###....
 Slow                     Hex            #.......     22%         2    #......
 Confuse                  Hex            #.......     41%         3    ###....
 Mephitic Cloud           Conj/Pois/Air  #.......     41%         3    ###....
 Teleport Other           Tloc           #.......     41%         3    ###....
 Blink                    Tloc           N/A          22%         2    #......
 Call Imp                 Summ           #.......     22%         2    #......
 Stone Arrow              Conj/Erth      #.....       41%         3    ###....
 Statue Form              Tmut/Erth      ###......    91%         6    #######
 Dragon Form              Tmut           #####.....   75%         7    #######
 Confusing Touch          Hex            #.....       14%         1    None
 Passwall                 Tmut/Erth      ###.....     2%          2    #......
 Metabolic Englaciation   Hex/Ice        ##........   88%         5    ######.
 Lee's Rapid Deconstruct  Erth           #.........   99%         5    ######.
 Sandblast                Erth           #.....       14%         1    None
 Petrify                  Tmut/Erth      ###.....     14%         4    ####...
 Passage of Golubria      Tloc           N/A          82%         4    ####...
 Shroud of Golubria       Chrm/Tloc      #.........   22%         2    #......
 Hydra Form               Tmut           #####.....   21%         6    #######
 Irradiate                Conj/Tmut      ###.......   36%         5    ######.
 Gell's Gravitas          Tloc           #.........   41%         3    ###....
 Yara's Violent Unravell  Hex/Tmut       ###.......   36%         5    ######.
 Lesser Beckoning         Tloc           #.........   41%         3    ###....


Dungeon Overview and Level Annotations

Branches:
Dungeon (11/15)            Temple (0/1) D:4            Lair (5/6) D:11
  Swamp (0/4) Lair:4        Snake (0/4) Lair:2
  Slime: Lair:5-6       Orc: D:9-12

Altars:
Ashenzari
Cheibriados
Gozag
Kikubaaqudgha
Qazlal
Ru
Uskayaw
Xom
The Shining One

Shops:
D:4 *   D:7 ?

Annotations:
Lair:5 1 runed door


Innate Abilities, Weirdness & Mutations

((You have razor-sharp teeth.))
You heal very quickly.
When hurt, damage is shared between your health and your magic reserves.
((Your bite disrupts and absorbs the magic of your enemies.))
Potions cannot restore your health.
You are immune to rotting.
You are missing a hand.
You cannot study or use magical devices.
You cannot train Armour skill.


Message History

Your water moccasin poisons the eight-headed hydra!
Your water moccasin bites the eight-headed hydra!
The eight-headed hydra bites your water moccasin!
The eight-headed hydra closely misses your water moccasin. x2
The eight-headed hydra bites your water moccasin.
Your water moccasin dies!
The eight-headed hydra roars!
You don't have enough magic at the moment.
You are feeling hungry.
The eight-headed hydra bites you.
* * * LOW HITPOINT WARNING * * *
The eight-headed hydra bites you but does no damage. x2
The eight-headed hydra bites you!
* * * LOW HITPOINT WARNING * * *
You focus your will and illuminate the eight-headed hydra in retribution!
The eight-headed hydra bites you!
* * * LOW HITPOINT WARNING * * *
The eight-headed hydra barely misses you.
The eight-headed hydra bites you!
You die...

##..#P...........P...# ##
#....P...............# #.
###..................# ####
##.#(..............# #...
##................# ##...
##<...............# #....
#P................# ##....
#.............#...###.....
###..>...DY........#P......
##..<#.###...#..............
#.....## #######.##.........
##....# #####........ #....#
##......P #..### ###...##
....# ##..## ##.### #.#.P##
.# ##..###


You could see an eight-headed hydra.

Vanquished Creatures
  A frost giant (IceCv)
  An orc warlord (Bailey)
  A minotaur (Lab)
  2 hydras
  4 two-headed ogres
  2 oklob plants (D:11)
  A cyclops (D:11)
  5 elephants (Lair:3)
  4 black mambas
  An ice statue (IceCv)
  4 spiny frogs
  A rime drake (Lair:3)
  2 komodo dragons
  2 kobold demonologists (D:11)
  A tengu conjurer (D:11)
  A minotaur skeleton (Lab)
  A hornet (D:9)
  13 polar bears (IceCv)
  3 blink frogs (Lair:3)
  3 hippogriffs
  A spriggan (D:9)
  A shadow (Lab)
  2 redbacks (Lab)
  A wyvern (D:8)
  2 basilisks
  4 hogs (Lair:4)
  39 yaks
  3 hungry ghosts
  5 vampire mosquitoes (Lair:4)
  5 nagas (Lair:2)
  3 water moccasins
  5 porcupines
  A black bear (Lair:3)
  An ice beast (D:9)
  14 orc warriors
  2 necrophages
  3 sky beasts
  4 ogres
  A phantom (D:4)
  22 wolves
  5 crocodiles (Lair:3)
  3 big kobolds
  10 bullfrogs
  A wyvern zombie (D:8)
  A water moccasin zombie (D:6)
  A wyvern skeleton (D:9)
  3 scorpions
  5 killer bees (D:8)
  13 wights
  3 howler monkeys (D:10)
  A troll skeleton (Lab)
  A vampire bat (D:6)
  An electric eel (Lair:4)
  6 crimson imps
  2 bullfrog zombies
  A quasit (D:7)
  A centaur zombie (D:7)
  3 hounds
  2 centaur skeletons
  12 orc priests
  2 jellies
  14 orc wizards
  A bullfrog skeleton (D:4)
  Ijyb (D:3)
  A gnoll shaman (D:6)
  3 iguanas
  3 worker ants
  2 hound zombies
  14 gnolls
  11 adders
  6 river rats (D:5)
  2 shadow imps
  5 oozes
  An adder zombie (D:5)
  9 worms
  5 dart slugs
  7 leopard geckos
  59 orcs
  3 ball pythons
  8 bats
  2 bat skeletons (D:6)
  A bat zombie (D:6)
  5 giant cockroaches
  18 goblins
  13 hobgoblins
  9 jackals
  11 kobolds
  4 quokkas
  8 frilled lizards
  A jackal skeleton (D:5)
  2 leopard gecko skeletons
  A leopard gecko zombie (D:5)
  3 quokka skeletons
  A quokka zombie (D:6)
  22 rats
  A plant (D:11)
506 creatures vanquished.

Vanquished Creatures (collateral kills)
  A two-headed ogre (D:8)
  A tengu conjurer (D:11)
  A water moccasin (D:6)
  An orc warrior (Bailey)
  2 ogres (D:7)
  An iguana (D:6)
  2 gnolls (D:6)
  A goblin (Bailey)
  A jackal (D:6)
11 creatures vanquished.

Vanquished Creatures (others)
  Kirke (Lair:4)
  A yak (D:11)
  An orc warrior (Bailey)
  A gnoll (D:6)
  A bat zombie (D:6)
5 creatures vanquished.

Grand Total: 522 creatures vanquished

Notes
Turn   | Place    | Note
-------+----------+-------------------------------------------
     0 | D:1      | sking99 the Vine Stalker Transmuter began the quest for the Orb.
     0 | D:1      | Reached XP level 1. HP: 9/9 MP: 4/4
   198 | D:1      | Reached skill level 1 in Fighting
   234 | D:1      | Reached XP level 2. HP: 14/14 MP: 4/6
   411 | D:1      | Learned a level 2 spell: Sticks to Snakes
   529 | D:1      | Found a shimmering altar of Xom.
   778 | D:2      | Reached XP level 3. HP: 15/18 MP: 4/7
   998 | D:2      | Found an opulent altar of Gozag.
  1009 | D:2      | Reached skill level 4 in Unarmed Combat
  1229 | D:2      | Gained mutation: Your natural rate of healing is unusually fast. [Vine Stalker growth]
  1229 | D:2      | Reached XP level 4. HP: 19/23 MP: 8/8
  1602 | D:2      | Found a stormy altar of Qazlal.
  1767 | D:3      | Found a sacrificial altar of Ru.
  1788 | D:3      | Found a shattered altar of Ashenzari.
  1805 | D:3      | Reached XP level 5. HP: 18/26 MP: 7/9
  1838 | D:3      | Became a worshipper of Ru the Awakened
  2025 | D:3      | Noticed Ijyb
  2041 | D:3      | Killed Ijyb
  2041 | D:3      | Reached skill level 5 in Unarmed Combat
  2309 | D:3      | Learned a level 3 spell: Spider Form
  2352 | D:4      | Found Rounim's Assorted Antiques.
  2424 | D:4      | Found a staircase to the Ecumenical Temple.
  2463 | D:4      | Reached XP level 6. HP: 21/31 MP: 7/10
  2514 | D:4      | Reached skill level 6 in Unarmed Combat
  2782 | D:4      | Noticed a phantom
  2824 | D:4      | Reached XP level 7. HP: 17/35 MP: 8/11
  3236 | D:5      | Entered Level 5 of the Dungeon
  3374 | D:5      | Found a glowing drain.
  3417 | D:5      | Gained mutation: You are missing a hand. [Ru sacrifice]
  3417 | D:5      | Reached * piety under Ru
  3417 | D:5      | Reached ** piety under Ru
  3417 | D:5      | Reached *** piety under Ru
  3419 | Sewer    | Entered a sewer
  4184 | D:5      | Reached skill level 7 in Unarmed Combat
  4228 | D:5      | Reached skill level 5 in Transmutations
  4341 | D:5      | Found a hide-covered altar of Uskayaw.
  4420 | D:5      | Found a snail-covered altar of Cheibriados.
  4823 | D:5      | Gained mutation: You have razor-sharp teeth. [Vine Stalker growth]
  4823 | D:5      | Reached XP level 8. HP: 26/39 MP: 7/12
  5225 | D:6      | Reached skill level 8 in Unarmed Combat
  5346 | D:6      | Gained mutation: You cannot study or use magical devices. [Ru sacrifice]
  5346 | D:6      | Reached **** piety under Ru
  5346 | D:6      | Reached ***** piety under Ru
  5351 | D:6      | Found an ancient bone altar of Kikubaaqudgha.
  5794 | D:7      | Reached XP level 9. HP: 34/45 MP: 8/14
  5819 | D:7      | Learned a level 4 spell: Ice Form
  5873 | D:7      | Reached skill level 9 in Unarmed Combat
  6064 | D:7      | Found Jyugog's Magic Scroll Emporium.
  6492 | D:8      | Found a flagged portal.
  6538 | Bailey   | Entered a bailey
  7292 | Bailey   | Gained mutation: You cannot train Armour skill. [Ru sacrifice]
  7292 | Bailey   | Reached ****** piety under Ru
  7394 | Bailey   | Reached skill level 10 in Unarmed Combat
  7560 | Bailey   | Reached skill level 5 in Fighting
  7830 | Bailey   | Reached XP level 10. HP: 22/51 MP: 9/15
  7973 | Bailey   | Noticed an orc warlord
  8101 | Bailey   | Killed an orc warlord
  8101 | Bailey   | Reached skill level 11 in Unarmed Combat
  8608 | D:8      | Reached XP level 11. HP: 59/62 MP: 13/16
  8609 | D:8      | Reached skill level 5 in Spellcasting
  8609 | D:8      | Gained mutation: You heal very quickly. [Vine Stalker growth]
  8609 | D:8      | Reached XP level 12. HP: 63/66 MP: 13/20
  8854 | D:8      | Noticed a two-headed ogre
  8881 | D:8      | Killed a two-headed ogre
  8959 | D:8      | Noticed a two-headed ogre
  8973 | D:8      | Killed a two-headed ogre
  9089 | D:8      | Found a glowing golden altar of the Shining One.
  9432 | D:9      | Paralysed by a hornet for 3 turns
 10252 | D:10     | Entered Level 10 of the Dungeon
 10531 | D:10     | Noticed a two-headed ogre
 10539 | D:10     | Killed a two-headed ogre
 10909 | D:11     | Reached XP level 13. HP: 72/72 MP: 13/21
 10910 | D:11     | Reached skill level 10 in Fighting
 11557 | D:11     | Found a stormy altar of Qazlal.
 11747 | D:11     | Found a staircase to the Lair.
 11923 | Lair:1   | Entered Level 1 of the Lair of Beasts
 12129 | Lair:1   | Found a frozen archway.
 12143 | IceCv    | Entered an ice cave
 12156 | IceCv    | Reached skill level 10 in Transmutations
 12354 | IceCv    | Reached skill level 10 in Dodging
 12977 | IceCv    | Noticed a frost giant
 12991 | IceCv    | Killed a frost giant
 13717 | Lair:2   | Reached XP level 14. HP: 77/77 MP: 17/22
 13718 | Lair:2   | Found a staircase to the Snake Pit.
 14569 | Lair:3   | Learned a level 5 spell: Blade Hands
 15290 | Lair:4   | Noticed Kirke
 15413 | Lair:4   | Killed Kirke
 15581 | Lair:4   | Found a labyrinth entrance.
 15593 | Lab      | Entered a labyrinth
 15787 | Lab      | Found the +3 giant club "Skullcrusher" {speed, Str+7}
 15906 | Lair:4   | Found the +7 longbow "Piercer" {penet, EV-2}
 16104 | Lair:4   | Reached skill level 12 in Unarmed Combat
 16242 | Lair:4   | Found a staircase to the Swamp.
 16780 | Lair:5   | Found a runed door.
 16791 | Lair:5   | HP: 1/92 [eight-headed hydra (12)]
 16791 | Lair:5   | Mangled by an eight-headed hydra

Vault maps used:
D:1:      dpeg_arrival_rooms_b, xom_teletrap_fun
D:2:      nicolae_overflow_hidden_temple, first_ration,
          nicolae_gozag_seed_capital
D:3:      grunt_temple_overflow_open, uniq_ijyb
D:4:      minmay_temple_entry_overgrown, serial_shops,
          nicolae_shop_overgrown_old_shop
D:5:      slow_altar_1, eat_drink_and_be_merry_uskayaw,
          cheibrodos_sewer_entry_drain, minmay_fountain_box, st_stairs_4,
          dk_rats_in_the_wall
D:6:      kennysheep_vampire_church, kennysheep_generic_room_14
D:7:      serial_shops, nicolae_shop_statue_plus
D:8:      lemuel_round_altar, enter_bailey_2
D:9:      the_bakery
D:11:     dpeg_oklobed_lair, grunt_qazlal_sundering
Lair:1:   portal_ice_cave_entry_pillars_1, infiniplex_staircase_pool_2
Lair:2:   minmay_snake_entry_guardpost_medium
Lair:3:   grunt_megastairs_1
Lair:4:   minmay_swamp_entry_swarm, lab_entry_generic, minmay_holes, uniq_kirke,
          uniq_nessos
Lair:5:   statuecave_lemuel, slime_altar_2
Lab:      nicolae_lab_dead_adventurers, nicolae_lab_arrow, lab_hedge,
          nicolae_lab_plus, labyrinth_fake_exit, nicolae_lab_grate,
          labyrinth_glass_1, nicolae_lab_dead_end, nicolae_lab_x,
          labyrinth_lava_lair, nicolae_lab_diamond, nicolae_lab_hexagon,
          nicolae_lab_starburst
Sewer:    sewer_fruit_machine
Bailey:   bailey_axe_minmay_hex_keep, bailey
IceCv:    ice_cave_caverns_02

Skill      XL: |  1  2  3  4  5  6  7  8  9 10 11 12 13 14 |
---------------+-------------------------------------------+-----
Fighting       | 1 2 3 5 9 10 | 10.6
Unarmed Combat | 4 5 6 7 8 10 11 12 | 12.0
Transmutations | 4 5 6 8 11 | 11.7
Spellcasting   | 3 5 |  5.2
Dodging        | 3 7 8 10 11 | 11.4
Ice Magic      | 4 |  4.0

Action                   |  1- 3 |  4- 6 |  7- 9 | 10-12 | 13-15 || total
-------------------------+-------+-------+-------+-------+-------++-------
Melee: Unarmed           |    77 |   149 |   703 |   289 |   554 ||  1772
       Bite              |    16 |    35 |   181 |    46 |    57 ||   335
       Kick              |     4 |    14 |     5 |       |       ||    23
       Headbutt          |     2 |     4 |     4 |     4 |       ||    14
       Punch             |       |     3 |       |       |       ||     3
 Cast: Beastly Appendage |     7 |    10 |     9 |     2 |       ||    28
       Spider Form       |       |     1 |     1 |       |       ||     2
       Sticks to Snakes  |       |     4 |    32 |    13 |     6 ||    55
       Ice Form          |       |       |       |    17 |    37 ||    54
       Blade Hands       |       |       |       |       |    21 ||    21
Invok: Sacrifice a Hand  |       |       |     1 |       |       ||     1
       Draw Out Power    |       |       |     3 |       |     1 ||     4
       Sacrifice Artific |       |       |     1 |       |       ||     1
       Sacrifice Durabil |       |       |     1 |       |       ||     1
       Apocalypse        |       |       |       |     3 |     1 ||     4
       Power Leap        |       |       |       |     3 |       ||     3
  Use: Scroll            |       |       |    10 |     4 |     4 ||    18
       Potion            |       |       |     2 |     3 |     1 ||     6
 Stab: Sleeping          |     1 |       |     2 |     1 |       ||     4
       Invisible         |       |       |     3 |     1 |     1 ||     5
       Distracted        |       |       |     2 |     3 |     2 ||     7
       Paralysed         |       |       |     6 |    14 |     5 ||    25
       Petrified         |       |       |       |       |     7 ||     7
  Eat: Chunk             |     1 |     5 |    20 |    11 |    24 ||    61
       Ration            |       |       |       |     2 |     3 ||     5
Armor: Robe              |    14 |    24 |     3 |     9 |     2 ||    52
       Leather armour    |       |       |   162 |    13 |       ||   175
       Skin              |       |       |       |    12 |    90 ||   102
       Animal skin       |       |       |       |       |    20 ||    20
Dodge: Dodged            |    41 |    75 |   353 |   153 |   499 ||  1121

Table legend:
 A = Spawn XP
 B = Non-spawn XP
 C = Spawn XP percentage of total XP
 D = Spawn monster count
 E = Non-spawn monster count
 F = Spawn count percentage of total count
 G = Total turns spent on level
                    A         B        C        D         E        F      G
               +---------+---------+-------+---------+---------+-------+---------
         Total |       0 |   53681 |   0.0 |       0 |     521 |   0.0 | 16791
               +---------+---------+-------+---------+---------+-------+---------
           D:1 |       0 |      22 |   0.0 |       0 |      12 |   0.0 |   593
           D:2 |       0 |      76 |   0.0 |       0 |      18 |   0.0 |  1078
           D:3 |       0 |     121 |   0.0 |       0 |      12 |   0.0 |   667
           D:4 |       0 |     574 |   0.0 |       0 |      21 |   0.0 |   985
           D:5 |       0 |     401 |   0.0 |       0 |      46 |   0.0 |   912
           D:6 |       0 |     866 |   0.0 |       0 |      37 |   0.0 |   694
           D:7 |       0 |     710 |   0.0 |       0 |      15 |   0.0 |   794
           D:8 |       0 |    3476 |   0.0 |       0 |      40 |   0.0 |  1050
           D:9 |       0 |    1677 |   0.0 |       0 |      25 |   0.0 |   990
          D:10 |       0 |    1798 |   0.0 |       0 |      26 |   0.0 |   631
          D:11 |       0 |    6952 |   0.0 |       0 |      37 |   0.0 |  1040
        Lair:1 |       0 |    3641 |   0.0 |       0 |      14 |   0.0 |   666
        Lair:2 |       0 |    2419 |   0.0 |       0 |      11 |   0.0 |   808
        Lair:3 |       0 |    6678 |   0.0 |       0 |      30 |   0.0 |   718
        Lair:4 |       0 |    6393 |   0.0 |       0 |      23 |   0.0 |  1120
        Lair:5 |       0 |     255 |   0.0 |       0 |       1 |   0.0 |   270
           Lab |       0 |    2543 |   0.0 |       0 |       8 |   0.0 |   206
         Sewer |       0 |      81 |   0.0 |       0 |      23 |   0.0 |   720
        Bailey |       0 |    3355 |   0.0 |       0 |      69 |   0.0 |  1769
         IceCv |       0 |   11643 |   0.0 |       0 |      53 |   0.0 |  1080
               +---------+---------+-------+---------+---------+-------+---------
